Map: Port Aleksander LE

Players

Neeb - Winner!

  • Race: Protoss Protoss
  • League: Master
  • Spawn Location: 5:00

Probe

  • Race: Protoss Protoss
  • League: Master
  • Spawn Location: 11:00

Event: 2019 WCS Winter Americas

VOD

Have the link to the VOD?

Description

Time

  • Played on: March 24, 2019, 1:05 p.m.
  • Length: 32:24

All games in this series

Show
View Real Time Build Order
Export as new Build Order

Neeb Protoss - Winner!

Build Orders: Oracle Opening, Zealot Archon 

Get SALT Encoding   

  12  0:01  Probe  
  13  0:13  Probe  
  14  0:18  Pylon  
  14  0:25  Probe  
  15  0:33  Probe  
  15  0:40  Gateway  
  15  0:41  Probe  
  16  0:49  Assimilator  
  17  0:51  Probe  
  17  0:56  Assimilator  
  18  0:59  Probe  
  19  1:08  Probe  
  19  1:09  Gateway  
  20  1:19  Probe  
  21  1:27  Cybernetics Core  
  21  1:31  Probe  
  22  1:36  Pylon  
  22  1:43  Probe  
  23  1:55  Probe  
  24  2:04  Stargate, Adept  
  24  2:06  Adept  
  28  2:13  Warp Gate  
  28  2:16  Pylon  
  28  2:32  Probe  
  29  2:45  Oracle  
  29  2:47  Nexus  
  32  2:58  Probe  
  32  3:08  Sentry  
  32  3:10  Stalker  
  36  3:14  Probe  
  37  3:21  Pylon  
  37  3:26  Probe  
  38  3:39  Probe  
  39  3:47  Twilight Council  
  39  3:51  Probe  
  40  4:01  Probe  
  41  4:03  Stalker x2, Probe  
  41  4:06  Phoenix  
  46  4:13  Probe  
  46  4:15  Probe, Blink  
  44  4:25  Probe  
  44  4:28  Probe  
  46  4:34  Stalker  
  46  4:35  Probe  
  46  4:37  Probe  
  49  4:39  Stalker  
  49  4:43  Probe  
  52  4:47  Probe  
  52  4:48  Forge  
  52  4:52  Probe  
  54  4:56  Probe  
  56  5:01  Protoss Ground Weapons Level 1  
  56  5:03  Assimilator  
  56  5:04  Probe  
  56  5:05  Assimilator  
  57  5:08  Probe  
  58  5:16  Stalker, Probe  
  58  5:20  Pylon  
  61  5:22  Probe, Pylon  
  62  5:33  Pylon  
  62  5:38  Probe x2  
  62  5:40  Gateway  
  62  5:42  Gateway  
  64  5:46  Sentry  
  66  5:51  Probe  
  66  5:53  Gateway  
  66  5:54  Gateway  
  67  5:59  Templar Archives  
  67  6:04  Probe  
  68  6:10  Charge  
  68  6:12  Gateway  
  68  6:24  Nexus  
  68  6:33  Robotics Facility  
  68  6:39  Protoss Ground Weapons Level 2  
  68  6:43  Gateway  
  68  6:44  High Templar x2  
  72  6:48  Pylon, Archon  
  72  6:49  Zealot x2  
  72  6:52  Zealot  
  72  6:53  Zealot  
  80  7:01  Probe x2  
  82  7:10  Zealot x3  
  82  7:13  Probe  
  82  7:14  Probe  
  90  7:22  Observer  
  91  7:25  Probe  
  91  7:26  Probe  
  93  7:36  Pylon  
  93  7:38  Probe  
  93  7:41  Zealot, High Templar x2  
  93  7:42  Zealot x3  
  106  7:52  Pylon  
  106  7:55  Pylon  
  106  7:56  Immortal  
  110  8:04  Zealot, High Templar x2  
  110  8:05  Shield Battery  
  116  8:06  Shield Battery  
  116  8:08  Archon  
  116  8:12  Archon  
  116  8:17  Zealot x3  
  122  8:23  Pylon  
  122  8:24  Zealot  
  124  8:34  Zealot x2  
  128  8:41  High Templar x2  
  128  8:42  Zealot x3  
  128  8:44  Pylon  
  128  8:47  Pylon, Archon  
  114  9:06  Zealot x4  
  114  9:07  Zealot  
  98  9:22  Warp Prism  
Show
View Real Time Build Order
Export as new Build Order

Probe Protoss 

Build Orders: Oracle Opening, Phoenix Opening, Zealot Archon 

Get SALT Encoding   

  12  0:01  Probe  
  13  0:13  Probe  
  14  0:19  Pylon  
  14  0:25  Probe  
  15  0:33  Probe  
  15  0:39  Gateway  
  15  0:41  Probe  
  16  0:48  Assimilator  
  17  0:51  Probe  
  17  0:56  Assimilator  
  18  0:59  Probe  
  19  1:07  Probe  
  19  1:12  Gateway  
  19  1:18  Probe  
  21  1:27  Cybernetics Core  
  21  1:30  Probe  
  22  1:36  Pylon  
  22  1:42  Probe  
  23  1:54  Probe  
  24  2:04  Stalker, Sentry, Warp Gate  
  24  2:07  Probe  
  29  2:09  Pylon  
  29  2:19  Probe  
  30  2:30  Stargate  
  30  2:33  Probe  
  31  2:45  Probe  
  32  2:53  Nexus  
  32  2:58  Probe  
  33  3:03  Pylon  
  33  3:07  Oracle  
  33  3:10  Probe, Shield Battery  
  37  3:28  Probe  
  38  3:46  Phoenix  
  38  3:53  Stalker x2  
  38  3:55  Probe  
  39  4:07  Probe  
  39  4:09  Probe  
  41  4:19  Probe  
  41  4:20  Probe  
  40  4:26  Stalker x2  
  40  4:27  Probe  
  40  4:28  Probe  
  45  4:35  Probe  
  45  4:36  Probe  
  46  4:41  Protoss Ground Weapons Level 1, Forge  
  48  4:46  Probe  
  48  4:48  Probe  
  50  4:53  Robotics Facility  
  50  4:56  Shield Battery  
  50  5:01  Probe  
  50  5:05  Probe  
  52  5:13  Probe  
  53  5:16  Assimilator  
  53  5:17  Probe  
  54  5:22  Assimilator  
  54  5:25  Pylon  
  54  5:26  Probe  
  55  5:30  Probe  
  55  5:31  Pylon  
  55  5:33  Twilight Council  
  56  5:38  Probe  
  56  5:42  Immortal, Probe  
  62  5:47  Pylon  
  62  5:55  Gateway  
  62  5:57  Gateway  
  62  5:59  Gateway  
  62  6:09  Gateway  
  62  6:10  Templar Archives  
  62  6:11  Protoss Ground Weapons Level 2  
  62  6:20  Charge  
  62  6:23  Gateway  
  62  6:26  Observer  
  62  6:27  Gateway  
  63  6:38  Zealot x2  
  67  6:41  Pylon  
  67  6:46  Probe  
  68  6:50  Warp Prism  
  70  6:59  High Templar x2  
  70  7:00  Zealot x3  
  80  7:05  Pylon, Archon  
  80  7:19  High Templar x2  
  84  7:23  Nexus  
  84  7:24  Archon  
  84  7:25  Zealot  
  86  7:33  Zealot x3  
  92  7:47  High Templar x2  
  92  7:50  Pylon x2  
  96  7:52  Archon  
  96  7:54  Zealot x2, Pylon  
  100  8:00  Sentry  
  100  8:03  Pylon  
  102  8:11  Pylon  
  102  8:19  High Templar  
  104  8:21  Zealot x4, High Templar  
  104  8:22  Zealot  
  104  8:25  Archon  
  116  8:43  Zealot x6  
  106  9:03  Zealot x5  
  106  9:08  Zealot x6  
  90  9:15  Warp Prism  
Tags
 
Add a new tag
Caveats
  • Supply blocks, unpowered buildings, or Contaminate may cause inaccurate times.
  • Supply counts are checked every 10 seconds.